 Dungeon Crawl Stone Soup version 0.31.0-11-ge490571c62 (webtiles) character file.

Game seed: 6958350597456112350

159 qw the Skirmisher (level 5, -1/29 HPs)
             Began as a Deep Elf Hunter on Feb 4, 2024.
             Slain by a cerulean imp
             ... wielding a +2 spear
             ... summoned by Natasha
              (3 damage)
             ... on level 3 of the Dungeon.
             The game lasted 00:00:06 (2040 turns).

qw the Skirmisher (Deep Elf Hunter)                 Turns: 2040, Time: 00:00:07

Health: -1/29      AC:  7    Str: 10    XL:     5   Next: 17%
Magic:  7/7        EV: 11    Int: 14    God:
Gold:   91         SH:  0    Dex: 18    Spells: 4/4 levels left

rFire   . . .        a - +0 shortbow
rCold   . . .        (shield currently unavailable)
rNeg    . . .        f - +0 ring mail
rPois   .            (no helmet)
rElec   .            k - +1 cloak
rCorr   +            (no gloves)
SInv    .            (no boots)
Will    .....        (no amulet)
Stlth   +            c - ring of resist corrosion
HPRegen 0.24/turn    (no ring)
MPRegen 0.10/turn

%: no passive effects
@: no status effects
A: no striking features
a: no special abilities


You were on level 3 of the Dungeon.
You visited 1 branch of the dungeon, and saw 3 of its levels.

You collected 91 gold pieces.


   Skills:
 - Level 1.5 Fighting
 + Level 8.6 Ranged Weapons
 - Level 2.4 Dodging
 - Level 1.2 Stealth


You had 4 spell levels left.
You didn't know any spells.
Your spell library was empty.

Inventory:

Hand Weapons
 a - a +0 shortbow (weapon)
Armour
 f - a +0 ring mail (worn)
 k - a +1 cloak (worn)
Jewellery
 c - a ring of resist corrosion (left hand)
Scrolls
 b - 2 scrolls of identify
Potions
 d - a potion of mutation
 h - a potion of curing
 i - 2 potions of enlightenment

Dungeon Overview and Level Annotations

Branches:
Dungeon (3/15)

Altars:
Sif Muna

Annotations:
D:3 Natasha


Message History

You shoot an arrow. The arrow hits the orc.
You kill the orc!
You shoot an arrow. The arrow closely misses the orc.
The arrow hits the orc priest but does no damage.
A quokka comes into view.
The orc hits you with a +1 hand axe of flaming.
The orc burns you.
The orc priest hits you but does no damage.
The orc hits you with a +1 hand axe of flaming.
The orc burns you.
The orc priest hits you from afar with a +0 trident.
You shoot an arrow. The arrow hits the orc.
The orc is severely wounded.
The orc priest hits you but does no damage.
The orc hits you but does no damage.
You shoot an arrow. The arrow hits the orc.
You kill the orc!
The orc priest hits you from afar with a +0 trident.
You shoot an arrow. The arrow hits the orc priest.
The orc priest is heavily wounded.
The orc priest closely misses you.
Natasha, Servant of Life and Death comes into view.
You shoot an arrow. The arrow barely misses the orc priest.
The orc priest invokes the aid of Beogh against you.
Pain shoots through your body!
You shoot an arrow. The arrow hits the orc priest!
The orc priest is almost dead.
The orc priest hits you from afar with a +0 trident.
You shoot an arrow. The arrow hits the orc priest.
You kill the orc priest!
Natasha mumbles some strange words.
You have reached level 5!
You shoot an arrow. The arrow hits the quokka.
The quokka is almost dead.
The quokka misses you.
The cerulean imp hits you from afar with a +2 spear.
You shoot an arrow. The arrow hits the quokka.
You kill the quokka!
The cerulean imp hits you from afar with a +2 spear.
You die...

#.......# #.......#
#########.......#
#...............#
#...............#
###...............#
..................#
..................####.#
....|...........@.5h....
.................)######
......)....#######)...
...........# .##..
....######## # ...[#
....# ....# ....#


You could see Natasha and a cerulean imp (summoned).

Vanquished Creatures
  An orc priest (D:3)
  Natasha (D:3)
  4 adders
  2 dart slugs (D:1)
  A ribbon worm (D:2)
  4 orcs (D:3)
  7 ball pythons
  2 bats (D:1)
  8 endoplasms
  3 giant cockroaches
  6 goblins
  6 hobgoblins
  2 quokkas (D:3)
  A frilled lizard (D:3)
  5 kobolds
  3 rats (D:2)
56 creatures vanquished.

Notes
Turn   | Place    | Note
-------+----------+-------------------------------------------
     0 | D:1      | qw the Deep Elf Hunter began the quest for the Orb.
     0 | D:1      | Reached XP level 1. HP: 12/12 MP: 3/3
     0 | D:1      | 0 ||| qw: Version: 0.3-a-160-g6735b56
     0 | D:1      | 0 ||| qw: Game counter: 4633
     0 | D:1      | 0 ||| qw: Melee chars always use a shield: true
     0 | D:1      | 0 ||| qw: God list: Okawaru
     0 | D:1      | 0 ||| qw: Allow faded altars: false
     0 | D:1      | 0 ||| qw: Do Orc after clearing Dungeon:15 true
     0 | D:1      | 0 ||| qw: Do second Lair branch before Depths: true
     0 | D:1      | 0 ||| qw: Lair rune preference: random
     0 | D:1      | 0 ||| qw: Goals: Normal
     0 | D:1      | 0 ||| PLANNING D:1-11
    38 | D:1      | Reached XP level 2. HP: 16/16 MP: 4/4
    52 | D:1      | Reached skill level 6 in Ranged Weapons
   251 | D:1      | Reached XP level 3. HP: 20/20 MP: 5/5
   704 | D:1      | 704 ||| UPGRADING to +0 ring mail.
   714 | D:1      | 714 ||| DROPPING +0 leather armour.
   715 | D:1      | 715 ||| UPGRADING to +0 cloak.
   720 | D:1      | 720 ||| READING scroll labelled OLAPSA WUDDIF.
   720 | D:1      | 720 ||| ENCHANTING +0 cloak.
   721 | D:1      | 721 ||| READING scroll labelled JADIT LATWOL.
   722 | D:1      | 722 ||| READING scroll labelled SIZAUDD DUHA.
   723 | D:1      | 723 ||| READING scroll labelled GUDGHU NAONAST.
   724 | D:1      | 724 ||| DROPPING scroll of butterflies.
   779 | D:2      | Found a shimmering blue altar of Sif Muna.
   866 | D:2      | Reached skill level 7 in Ranged Weapons
  1136 | D:2      | Reached XP level 4. HP: 14/25 MP: 6/6
  1783 | D:2      | 1783 ||| UPGRADING to ring of resist corrosion.
  1784 | D:2      | 1784 ||| DROPPING ring of wizardry.
  1785 | D:2      | 1785 ||| READING 4 scrolls labelled QEPUEVIZAPP.
  1785 | D:2      | 1785 ||| IDENTIFYING brown potion
  1786 | D:2      | 1786 ||| READING 3 scrolls of identify.
  1786 | D:2      | 1786 ||| IDENTIFYING bubbling grey potion
  1787 | D:2      | 1787 ||| READING 2 scrolls of identify.
  1787 | D:2      | 1787 ||| IDENTIFYING 2 orange potions
  1941 | D:3      | Noticed Natasha
  1953 | D:3      | Killed Natasha
  1954 | D:3      | Reached skill level 8 in Ranged Weapons
  2035 | D:3      | Noticed Natasha
  2037 | D:3      | HP: 5/25 [orc priest/+0 trident (2)]
  2039 | D:3      | Reached XP level 5. HP: 6/29 MP: 7/7
  2039 | D:3      | HP: 1/29 [cerulean imp/+2 spear[Natasha] (5)]
  2040 | D:3      | Slain by a cerulean imp

Levels and vault maps discovered:
D:1:      lightli_molten_gateway, layout_basic, serial_bayou_pond_c
D:2:      minmay_recursive_quarters, layout_basic, basic_altar
D:3:      layout_basic, nicolae_elyvilon_temple_path, minmay_rat_hole,
          uniq_natasha

Skill      XL: |  1  2  3  4 |
---------------+-------------+-----
Ranged Weapons | 6 7 8 |  8.6
Fighting       | |  1.5
Dodging        | |  2.4
Stealth        | |  1.2

Action                     |  1- 3 |  4- 6 || total
---------------------------+-------+-------++-------
   Fire: Shortbow          |   107 |    66 ||   173
    Use: Scroll            |     4 |     3 ||     7
 Armour: Ring mail         |    12 |    33 ||    45
         Leather armour    |     2 |       ||     2
  Dodge: Dodged            |    10 |    17 ||    27

Table legend:
 A = Non-vault XP
 B = Vault XP
 C = Vault XP percentage of total XP
 D = Non-vault monster count
 E = Vault monster count
 F = Vault count percentage of total count
                 A         B        C        D         E       F
            +---------+---------+-------+---------+---------+-------
      Total |     171 |      59 |  25.7 |      48 |       8 |  14.3
            +---------+---------+-------+---------+---------+-------
        D:1 |      47 |       0 |   0.0 |      23 |       0 |   0.0
        D:2 |      45 |      23 |  33.8 |      12 |       7 |  36.8
        D:3 |      79 |      36 |  31.3 |      13 |       1 |   7.1
            +---------+---------+-------+---------+---------+-------
